 Dungeon Crawl Stone Soup version 0.21.1-1-g345015f (webtiles) character file.

99 Shenanicrawl the Chiller (level 4, -1/33 HPs)
             Began as a Merfolk Ice Elementalist on Feb 16, 2018.
             Slain by an orc priest
             ... wielding a +0 war axe
              (8 damage)
             ... on level 3 of the Dungeon on Feb 20, 2018.
             The game lasted 00:19:00 (3153 turns).

Shenanicrawl the Chiller (Merfolk Ice Elementalist) Turns: 3153, Time: 00:19:01

Health: -1/33      AC:  2    Str: 13    XL:     4   Next: 72%
Magic:  0/7        EV: 14    Int: 17    God:
Gold:   98         SH:  0    Dex: 15    Spells: 4/8 levels left

rFire    . . .     SeeInvis .   (no weapon)
rCold    . . .     Gourm    .   (no shield)
rNeg     . . .     Faith    .   a - +0 robe
rPois    .         Spirit   .   (no helmet)
rElec    .         Reflect  .   (no cloak)
rCorr    .         Harm     .   (no gloves)
MR       .....                  (no boots)
Stlth    ++........             (no amulet)
HPRegen  0.11/turn              r - +3 ring of intelligence
MPRegen  0.10/turn              (no ring)

@: mighty
A: change form in water, swift swim, stealthy swim
a: no special abilities


You were on level 3 of the Dungeon.
You were not hungry.

You visited 1 branch of the dungeon, and saw 3 of its levels.

You collected 98 gold pieces.

Inventory:

Armour
 a - a +0 robe (worn)
Jewellery
 r - a +3 ring of intelligence (left hand)
Scrolls
 d - 4 scrolls of remove curse
 e - 3 scrolls of identify
 f - 2 scrolls of enchant armour {unknown}
 h - 2 scrolls of magic mapping {unknown}
 i - 2 scrolls of amnesia {unknown}
 k - a scroll of fear {unknown}
 m - a scroll of teleportation {unknown}
 o - a scroll of noise {unknown}
 q - a scroll of immolation {unknown}
Potions
 g - a potion of brilliance {unknown}
 j - a potion of invisibility {unknown}
 l - a potion of degeneration {unknown}
 n - a potion of might
 p - a potion of flight {unknown}
Books
 b - a book of Frost

   Spells                             Type                      Level
   a - Freeze                         Ice                          1
   b - Throw Frost                    Conjuration/Ice              2
   c - Ozocubu's Armour               Charms/Ice                   3
   d - Throw Icicle                   Conjuration/Ice              4
   e - Summon Ice Beast               Ice/Summoning                4
Comestibles
 c - 4 rations


   Skills:
 + Level 1.8 Fighting
 + Level 3.6 Dodging
 + Level 3.0 Stealth
 + Level 2.6 Spellcasting
   Level 0.7 Conjurations
 + Level 3.9 Ice Magic


You had 4 spell levels left.
You knew the following spells:

 Your Spells              Type           Power        Failure   Level  Hunger
a - Freeze                Ice            ###.         3%          1    #......
b - Ozocubu's Armour      Chrm/Ice       #.......     24%         3    ###....


Dungeon Overview and Level Annotations

Branches:
Dungeon (3/15)

Altars:
Gozag
Hepliaklqana
Kikubaaqudgha
The Shining One

Annotations:
D:2 Robin


Message History

Aim: an orc, wielding a hand axe You freeze the orc.
The orc is heavily wounded.
Casting: Freeze
Confirm with . or Enter, or press ? or * to list all spells.
Aiming: Freeze
Press: ? - help, Shift-Dir - straight line, f/p - orc
Aim: an orc, wielding a hand axe (heavily wounded)
You freeze the orc.
You kill the orc!
The orc priest invokes the aid of Beogh against you.
Pain shoots through your body!
* * * LOW HITPOINT WARNING * * *
It was a potion of might.
You feel very mighty all of a sudden. The orc misses you.
You hit the orc.
You kill the orc!
The orc priest hits you with a war axe!
You die...

#.##.# #.
#.# # #.#
###### ###
..#
+....#+#..+
....
#.........#
....#
#.......#
.....#
#..†..#
####.##
#@).# #.
##o##
#######.#
#.......#
#..o......#
#..###....#
#. .....# #
#.......
#.#.#.###


You could see an orc priest.

Vanquished Creatures
  3 adders (D:3)
  An ooze (D:1)
  2 dart slugs (D:1)
  2 leopard geckos (D:1)
  7 orcs (D:3)
  4 bats
  2 giant cockroaches
  9 goblins
  4 hobgoblins
  3 jackals (D:3)
  A ball python (D:3)
  3 frilled lizards (D:3)
  7 kobolds
  5 rats
53 creatures vanquished.

Notes
Turn   | Place    | Note
-------+----------+-------------------------------------------
     0 | D:1      | Shenanicrawl the Merfolk Ice Elementalist began the quest for the Orb.
     0 | D:1      | Reached XP level 1. HP: 13/13 MP: 3/3
   454 | D:1      | Reached XP level 2. HP: 8/20 MP: 3/5
   997 | D:1      | Reached skill level 1 in Fighting
  1011 | D:1      | Reached XP level 3. HP: 14/26 MP: 0/6
  1512 | D:2      | Noticed Robin
  1719 | D:2      | Found an ancient bone altar of Kikubaaqudgha.
  1853 | D:2      | Found an opulent altar of Gozag.
  1860 | D:2      | Found a glowing golden altar of the Shining One.
  1870 | D:2      | Found a hazy altar of Hepliaklqana.
  2680 | D:3      | Reached XP level 4. HP: 25/32 MP: 1/7
  2740 | D:3      | Learned a level 3 spell: Ozocubu's Armour
  3153 | D:3      | Slain by an orc priest

Skill      XL: |  1  2  3  4 |
---------------+-------------+-----
Dodging        | 3 |  3.6
Fighting       | 1 |  1.8
Stealth        | 3 |  3.0
Spellcasting   | |  2.6
Conjurations   | |  0.7
Ice Magic      | |  3.9

Action                   |  1- 3 |  4- 6 || total
-------------------------+-------+-------++-------
Melee: Unarmed           |    31 |     1 ||    32
 Cast: Freeze            |    56 |    26 ||    82
       Ozocubu's Armour  |       |     1 ||     1
  Use: Scroll            |       |     2 ||     2
       Potion            |       |     1 ||     1
 Stab: Sleeping          |     4 |       ||     4
  Eat: Ration            |     2 |       ||     2
       Chunk             |     1 |       ||     1
Armor: Robe              |    17 |     1 ||    18
Dodge: Dodged            |    49 |    21 ||    70
